Avalanche vs Ducks

Created - 18 octobre 2020 at 21:09

Simulating a Pre-Season

Goals
1 2 3 OT1 SO T
Avalanche 0 1 2 0 2 4
Ducks 0 3 0 0 1 3
Shots
1 2 3 OT1 SO T
Avalanche 6 4 12 2 4 24
Ducks 19 15 10 2 4 46

1st period

No Goal

Penalties :
Casey Cizikas (COL) for Tripping (Minor) at 7:02, Josh Manson (ANA) for Hooking (Minor) at 13:18

2nd period

1. Ducks , Tucker Poolman 1 (Nick Ritchie 2, Kyle Turris 8) at 1:15 (PP)
2. Avalanche , Shayne Gostisbehere 1 (Andrew Mangiapane 3, Jake McCabe 7) at 8:30
3. Ducks , Brandon Sutter 1 (Artem Anisimov 5, Luke Schenn 2) at 11:21
4. Ducks , T.J. Brodie 2 (Brandon Sutter 3, Anders Lee 6) at 19:48

Penalties :
Jake McCabe (COL) for Hooking (Minor) at 0:17

3rd period

5. Avalanche , Andrew Mangiapane 2 (Adam Fox 4) at 12:09
6. Avalanche , Casey Cizikas 3 (Adam Fox 5) at 16:25

Penalties :
No Penalty

Overtime #1

No Goal

Penalties :
No Penalty

Shootout

Avalanche, Ryan Strome - Stopped by Cam Talbot
Ducks, Tomas Nosek - Stopped by Frederik Andersen
Avalanche, Casey Cizikas - Goal!
Ducks, Luke Kunin - Goal!
Avalanche, Dylan Strome - Shot Misses the Net
Ducks, Anders Lee - Stopped by Frederik Andersen
Avalanche, Brad Richardson - Goal!
Ducks, Marcus Johansson - Shot Misses the Net

Penalties :
No Penalty

Goalie Stats

Frederik Andersen (COL), 43 saves from 46 shots - (0,935), W, 2-3-1, 65:00 minutes
Cam Talbot (ANA), 21 saves from 24 shots - (0,875), OTL, 3-2-2, 65:00 minutes

Players Stats for Avalanche

Player Name              G  A  P  +/- PIM S  H  SB GA TA FO     MP     PP MP  PK MP  
------------------------------------------------------------------------------------
Adam Fox                 0  2  2   2  0   3  0  2  0  0  0/0    21:33   1:09   1:13 
Andrew Mangiapane        1  1  2   2  0   2  1  0  0  0  0/1    13:04   0:34   0:00 
Brad Richardson          0  0  0   2  0   0  0  0  0  0  8/18   15:50   1:09   0:39 
Casey Cizikas            1  0  1   0  2   2  4  2  0  0  16/31  20:20   0:50   0:42 
Chris Tanev              0  0  0   2  0   2  2  2  0  0  0/0    22:44   1:09   1:13 
Dominik Kubalik          0  0  0   0  0   0  0  0  0  0  2/2    19:31   1:09   0:34 
Dylan Strome             0  0  0   0  0   1  0  1  0  0  16/23  19:13   0:00   0:54 
Henri Jokiharju          0  0  0  -2  0   0  0  0  0  0  0/0    15:18   0:14   0:00 
Jake McCabe              0  1  1  -1  2   1  2  5  0  0  0/0    23:21   0:36   1:14 
Micheal Ferland          0  0  0  -1  0   1  1  0  0  0  0/0     9:15   0:00   0:00 
Miles Wood               0  0  0   0  0   2  1  1  0  0  0/1    17:27   0:50   0:00 
Nicolas Roy              0  0  0  -1  0   1  1  0  0  0  5/9    10:17   0:00   1:02 
Noah Juulsen             0  0  0   0  0   0  4  2  0  0  0/0    16:28   0:00   0:30 
Robby Fabbri             0  0  0   0  0   4  1  0  0  0  2/3    18:29   0:36   0:00 
Ryan Dzingel             0  0  0   2  0   1  0  0  0  0  1/1    12:44   0:14   0:00 
Ryan Strome              0  0  0   0  0   3  1  0  0  0  0/5    21:37   0:35   2:03 
Shayne Gostisbehere      1  0  1   1  0   1  0  4  0  0  0/0    25:35   0:50   1:44 
Tobias Rieder            0  0  0  -1  0   0  0  0  0  0  0/0     9:15   0:00   0:00 

Players Stats for Ducks

Player Name              G  A  P  +/- PIM S  H  SB GA TA FO     MP     PP MP  PK MP  
------------------------------------------------------------------------------------
Anders Lee               0  1  1   1  0   5  3  0  0  0  0/0    19:30   1:53   0:36 
Artem Anisimov           0  1  1   1  0   1  2  0  0  0  0/0    17:34   1:53   0:36 
Brandon Sutter           1  1  2   1  0   10 0  0  0  0  10/23  15:05   0:00   0:00 
Brett Connolly           0  0  0   0  0   1  0  0  0  0  0/1    10:51   0:00   0:39 
Calvin de Haan           0  0  0  -2  0   1  2  2  0  0  0/0    24:43   1:04   1:15 
Craig Smith              0  0  0   0  0   2  0  1  0  0  0/1     8:57   0:00   0:00 
Derek Forbort            0  0  0   1  0   2  1  3  0  0  0/0    18:06   1:53   0:44 
Jacob de La Rose         0  0  0   0  0   1  1  0  0  0  2/5    11:12   0:00   1:00 
Josh Manson              0  0  0   0  2   1  2  0  0  0  0/0    17:10   0:00   0:00 
Kyle Turris              0  1  1  -2  0   7  0  0  0  0  14/30  19:21   1:04   0:08 
Luke Kunin               0  0  0   0  0   3  0  0  0  0  6/8    14:49   0:00   0:00 
Luke Schenn              0  1  1   1  0   1  3  1  0  0  0/0    16:58   0:00   0:08 
Marcus Johansson         0  0  0  -2  0   2  1  0  0  0  4/4    21:59   1:53   0:08 
Nick Ritchie             0  1  1   0  0   2  5  0  0  0  7/16   13:57   1:04   0:00 
T.J. Brodie              1  0  1   0  0   1  0  1  0  0  0/0    23:42   1:53   0:36 
Tomas Nosek              0  0  0  -2  0   3  3  0  0  0  1/5    21:53   1:04   0:51 
Tucker Poolman           1  0  1  -2  0   1  0  1  0  0  0/0    24:20   1:04   1:15 
Tyler Ennis              0  0  0   0  0   2  1  0  0  0  0/1    12:53   0:00   0:00 

3 Stars

1 - Andrew Mangiapane (COL)
2 - Adam Fox (COL)
3 - Brandon Sutter (ANA)

Power Play

Avalanche - 0 on 1 Attempt(s) - 0,00%
Ducks - 1 on 2 Attempt(s) - 50,00%

Penalty Kill

Avalanche - 1 on 2 Attempt(s) - 50,00% - Score 0 goal in Penalty Kill
Ducks - 1 on 1 Attempt(s) - 100,00% - Score 0 goal in Penalty Kill

Team Stat

Avalanche - Hits : 18 - Faceoff Wins : 50 - Blocked Shots : 19 - Penalty Minutes : 4
Ducks - Hits : 24 - Faceoff Wins : 44 - Blocked Shots : 9 - Penalty Minutes : 2

Official

Referees : Chris Lee and Brett Roeland
Linesman : Devin Berg and Michel Cormier

Game Notes

No Game Note

% Time on Ice - Avalanche

Lines # - Real PCT - Wanted PCT - Time Play
Normal Forward
1 - 30% - 30% - 16:37
2 - 30% - 30% - 16:42
3 - 23% - 23% - 12:30
4 - 17% - 17% - 9:15
Normal Defense
1 - 29% - 30% - 15:58
2 - 35% - 30% - 19:11
3 - 27% - 25% - 15:04
4 - 9% - 15% - 4:51
PP Forward
1 - 58% - 55% - 1:09
2 - 42% - 45% - 0:50
PP Defense
1 - 42% - 54% - 0:50
2 - 58% - 46% - 1:09
PK Forward
1 - 78% - 60% - 2:18
2 - 22% - 40% - 0:39
PK Defense
1 - 59% - 60% - 1:44
2 - 41% - 40% - 1:13
PK3 Forward
1 - 0% - 60%
2 - 0% - 40%
PK3 Defense
1 - 0% - 60%
2 - 0% - 40%
44 Forward
1 - 0% - 60%
2 - 0% - 40%
44 Defense
1 - 0% - 60%
2 - 0% - 40%
Last Minute Offensive  - 0:00
Last Minute Defensive  - 0:00
Total
Forward - 60:00
Defense - 60:00

% Time on Ice - Ducks

Lines # - Real PCT - Wanted PCT - Time Play
Normal Forward
1 - 33% - 40% - 18:09
2 - 27% - 30% - 15:05
3 - 23% - 20% - 12:53
4 - 16% - 10% - 8:57
Normal Defense
1 - 37% - 40% - 20:07
2 - 31% - 30% - 17:11
3 - 27% - 20% - 14:52
4 - 5% - 10% - 2:54
PP Forward
1 - 36% - 60% - 1:04
2 - 64% - 40% - 1:53
PP Defense
1 - 36% - 60% - 1:04
2 - 64% - 40% - 1:53
PK Forward
1 - 93% - 60% - 1:51
2 - 7% - 40% - 0:08
PK Defense
1 - 63% - 60% - 1:15
2 - 37% - 40% - 0:44
PK3 Forward
1 - 0% - 60%
2 - 0% - 40%
PK3 Defense
1 - 0% - 60%
2 - 0% - 40%
44 Forward
1 - 0% - 60%
2 - 0% - 40%
44 Defense
1 - 0% - 60%
2 - 0% - 40%
Last Minute Offensive  - 0:00
Last Minute Defensive  - 0:00
Total
Forward - 60:00
Defense - 60:00

Play-by-Play

1st period


0:01 of 1st period - Casey Cizikas wins face-off versus Kyle Turris in neutral zone.
0:01 of 1st period - Casey Cizikas is hit by Tomas Nosek.
0:05 of 1st period - Kyle Turris is hit by Casey Cizikas and loses puck.
0:14 of 1st period - Shot by Kyle Turris.
0:14 of 1st period - Stopped by Frederik Andersen with a rebound.
0:16 of 1st period - Shot by Kyle Turris.
0:16 of 1st period - Stopped by Frederik Andersen without a rebound.
0:17 of 1st period - Dylan Strome wins face-off versus Brandon Sutter in Avalanche zone.
0:30 of 1st period - Shot by Robby Fabbri.
0:30 of 1st period - Shot Misses the Net.
0:40 of 1st period - Shot by Dylan Strome.
0:40 of 1st period - Stopped by Cam Talbot with a rebound.
0:42 of 1st period - Shot by Chris Tanev.
0:42 of 1st period - Stopped by Cam Talbot without a rebound.
0:43 of 1st period - Luke Kunin wins face-off versus Brad Richardson in Ducks zone.
0:54 of 1st period - Shot by Luke Kunin.
0:54 of 1st period - Shot Misses the Net.
1:20 of 1st period - Shot by Ryan Dzingel.
1:20 of 1st period - Shot Blocked by Derek Forbort.
2:07 of 1st period - Icing by Tomas Nosek.
2:08 of 1st period - Casey Cizikas wins face-off versus Kyle Turris in Ducks zone.
2:34 of 1st period - Icing by Dominik Kubalik.
2:35 of 1st period - Brandon Sutter wins face-off versus Casey Cizikas in Avalanche zone.
2:44 of 1st period - Shot by Miles Wood.
2:44 of 1st period - Stopped by Cam Talbot with a rebound.
3:42 of 1st period - Shot by Craig Smith.
3:42 of 1st period - Shot Blocked by Shayne Gostisbehere.
3:48 of 1st period - Shot by Jacob de La Rose.
3:48 of 1st period - Stopped by Frederik Andersen without a rebound.
3:49 of 1st period - Nick Ritchie wins face-off versus Brad Richardson in Avalanche zone.
3:54 of 1st period - Shot by Luke Kunin.
3:54 of 1st period - Stopped by Frederik Andersen with a rebound.
4:01 of 1st period - Icing by Calvin de Haan.
4:02 of 1st period - Nick Ritchie wins face-off versus Dylan Strome in Ducks zone.
4:24 of 1st period - Icing by Noah Juulsen.
4:25 of 1st period - Dylan Strome wins face-off versus Kyle Turris in Avalanche zone.
4:32 of 1st period - Shot by Ryan Strome.
4:32 of 1st period - Stopped by Cam Talbot with a rebound.
5:00 of 1st period - Shot by Kyle Turris.
5:00 of 1st period - Shot Misses the Net.
5:02 of 1st period - Shot by Marcus Johansson.
5:02 of 1st period - Deflect By Kyle Turris.
5:02 of 1st period - Stopped by Frederik Andersen without a rebound.
5:03 of 1st period - Brandon Sutter wins face-off versus Andrew Mangiapane in Avalanche zone.
5:04 of 1st period - Shot by Anders Lee.
5:04 of 1st period - Shot Misses the Net.
5:06 of 1st period - Shot by Brandon Sutter.
5:06 of 1st period - Stopped by Frederik Andersen without a rebound.
5:07 of 1st period - Nicolas Roy wins face-off versus Brandon Sutter in Avalanche zone.
6:57 of 1st period - Icing by Luke Schenn.
6:58 of 1st period - Casey Cizikas wins face-off versus Kyle Turris in Ducks zone.
7:02 of 1st period - Minor Penalty to Casey Cizikas for Tripping.
7:03 of 1st period - Nick Ritchie wins face-off versus Ryan Strome in Avalanche zone.
7:31 of 1st period - Shot by Nick Ritchie.
7:31 of 1st period - Stopped by Frederik Andersen with a rebound.
7:54 of 1st period - Shot by Derek Forbort.
7:54 of 1st period - Stopped by Frederik Andersen without a rebound.
7:55 of 1st period - Marcus Johansson wins face-off versus Dylan Strome in Avalanche zone.
8:00 of 1st period - Shot by Anders Lee.
8:00 of 1st period - Stopped by Frederik Andersen with a rebound.
8:02 of 1st period - Shot by Derek Forbort.
8:02 of 1st period - Shot Misses the Net.
8:04 of 1st period - Shot by Anders Lee.
8:04 of 1st period - Shot Blocked by Jake McCabe.
8:06 of 1st period - Shot by Derek Forbort.
8:06 of 1st period - Stopped by Frederik Andersen without a rebound.
8:07 of 1st period - Marcus Johansson wins face-off versus Ryan Strome in Avalanche zone.
8:47 of 1st period - Icing by Derek Forbort.
8:48 of 1st period - Marcus Johansson wins face-off versus Ryan Strome in Ducks zone.
8:54 of 1st period - Off-side.
8:55 of 1st period - Kyle Turris wins face-off versus Dylan Strome in neutral zone.
9:13 of 1st period - Brett Connolly is hit by Jake McCabe and loses puck.
9:24 of 1st period - Shot by Brett Connolly.
9:24 of 1st period - Shot Blocked by Jake McCabe.
9:27 of 1st period - Icing by Henri Jokiharju.
9:28 of 1st period - Casey Cizikas wins face-off versus Nick Ritchie in Avalanche zone.
9:28 of 1st period - Casey Cizikas is hit by Nick Ritchie.
9:44 of 1st period - Shot by Luke Kunin.
9:44 of 1st period - Shot Blocked by Casey Cizikas.
9:50 of 1st period - Shot by Luke Kunin.
9:50 of 1st period - Stopped by Frederik Andersen without a rebound.
9:51 of 1st period - Kyle Turris wins face-off versus Dylan Strome in Avalanche zone.
10:10 of 1st period - Shot by Derek Forbort.
10:10 of 1st period - Shot Misses the Net.
10:12 of 1st period - Shot by Kyle Turris.
10:12 of 1st period - Shot Misses the Net.
10:14 of 1st period - Shot by Derek Forbort.
10:14 of 1st period - Shot Misses the Net.
10:16 of 1st period - Shot by Luke Schenn.
10:16 of 1st period - Stopped by Frederik Andersen without a rebound.
10:17 of 1st period - Brandon Sutter wins face-off versus Nicolas Roy in Avalanche zone.
10:26 of 1st period - Icing by Artem Anisimov.
10:27 of 1st period - Brandon Sutter wins face-off versus Brad Richardson in Ducks zone.
10:27 of 1st period - Brandon Sutter is hit by Andrew Mangiapane.
10:48 of 1st period - Artem Anisimov is hit by Chris Tanev and loses puck.
10:52 of 1st period - Icing by Adam Fox.
10:53 of 1st period - Kyle Turris wins face-off versus Brad Richardson in Avalanche zone.
11:11 of 1st period - Icing by Chris Tanev.
11:12 of 1st period - Brad Richardson wins face-off versus Nick Ritchie in Avalanche zone.
11:12 of 1st period - Ryan Dzingel is hit by Nick Ritchie.
11:22 of 1st period - Shot by Luke Kunin.
11:22 of 1st period - Stopped by Frederik Andersen without a rebound.
11:23 of 1st period - Dylan Strome wins face-off versus Kyle Turris in Avalanche zone.
11:23 of 1st period - Dylan Strome is hit by Marcus Johansson.
11:26 of 1st period - Ryan Strome is hit by Tomas Nosek and loses puck.
11:39 of 1st period - Shot by Kyle Turris.
11:39 of 1st period - Shot Misses the Net.
11:41 of 1st period - Shot by Calvin de Haan.
11:41 of 1st period - Shot Misses the Net.
11:43 of 1st period - Shot by Kyle Turris.
11:43 of 1st period - Stopped by Frederik Andersen without a rebound.
11:44 of 1st period - Brandon Sutter wins face-off versus Casey Cizikas in Avalanche zone.
11:53 of 1st period - Shot by Anders Lee.
11:53 of 1st period - Stopped by Frederik Andersen with a rebound.
12:00 of 1st period - Icing by Shayne Gostisbehere.
12:01 of 1st period - Kyle Turris wins face-off versus Miles Wood in Avalanche zone.
12:02 of 1st period - Shot by Marcus Johansson.
12:02 of 1st period - Deflect By Tomas Nosek.
12:02 of 1st period - Shot Misses the Net.
12:17 of 1st period - Off-side.
12:18 of 1st period - Dylan Strome wins face-off versus Brandon Sutter in neutral zone.
12:55 of 1st period - Shot by Anders Lee.
12:55 of 1st period - Shot Misses the Net.
13:18 of 1st period - Minor Penalty to Josh Manson for Hooking.
13:19 of 1st period - Dominik Kubalik wins face-off versus Tomas Nosek in Ducks zone.
13:24 of 1st period - Shot by Ryan Strome.
13:24 of 1st period - Stopped by Cam Talbot with a rebound.
13:26 of 1st period - Shot by Chris Tanev.
13:26 of 1st period - Shot Misses the Net.
13:39 of 1st period - Shot by Dominik Kubalik.
13:39 of 1st period - Shot Misses the Net.
13:41 of 1st period - Shot by Brad Richardson.
13:41 of 1st period - Shot Blocked by Calvin de Haan.
13:43 of 1st period - Shot by Chris Tanev.
13:43 of 1st period - Shot Misses the Net.
13:45 of 1st period - Shot by Adam Fox.
13:45 of 1st period - Stopped by Cam Talbot with a rebound.
14:03 of 1st period - Shot by Shayne Gostisbehere.
14:03 of 1st period - Shot Blocked by T.J. Brodie.
15:21 of 1st period - Shot by Nick Ritchie.
15:21 of 1st period - Stopped by Frederik Andersen with a rebound.
15:26 of 1st period - Shayne Gostisbehere is hit by Derek Forbort and loses puck.
15:44 of 1st period - Luke Kunin is hit by Noah Juulsen and loses puck.
16:53 of 1st period - Shot by Craig Smith.
16:53 of 1st period - Stopped by Frederik Andersen without a rebound.
16:54 of 1st period - Luke Kunin wins face-off versus Casey Cizikas in Avalanche zone.
18:04 of 1st period - Icing by Derek Forbort.
18:05 of 1st period - Dylan Strome wins face-off versus Nick Ritchie in Ducks zone.
18:22 of 1st period - Shot by Robby Fabbri.
18:22 of 1st period - Shot Misses the Net.
18:49 of 1st period - Shot by Tomas Nosek.
18:49 of 1st period - Stopped by Frederik Andersen without a rebound.
18:50 of 1st period - Kyle Turris wins face-off versus Casey Cizikas in Avalanche zone.
18:55 of 1st period - Shot by Marcus Johansson.
18:55 of 1st period - Stopped by Frederik Andersen without a rebound.
18:56 of 1st period - Casey Cizikas wins face-off versus Kyle Turris in Avalanche zone.
19:19 of 1st period - Marcus Johansson is hit by Miles Wood and loses puck.
19:28 of 1st period - Icing by Miles Wood.
19:29 of 1st period - Casey Cizikas wins face-off versus Brandon Sutter in Avalanche zone.
19:29 of 1st period - Casey Cizikas is hit by Anders Lee.
Goals for this period are 0 for Avalanche vs 0 for Ducks.
Shots for this period are 6 for Avalanche vs 19 for Ducks.

2nd period


0:01 of 2nd period - Dylan Strome wins face-off versus Kyle Turris in neutral zone.
0:17 of 2nd period - Minor Penalty to Jake McCabe for Hooking.
0:18 of 2nd period - Marcus Johansson wins face-off versus Ryan Strome in Avalanche zone.
0:37 of 2nd period - Shot by Anders Lee.
0:37 of 2nd period - Deflect By Marcus Johansson.
0:37 of 2nd period - Shot Blocked by Shayne Gostisbehere.
0:47 of 2nd period - Shot by T.J. Brodie.
0:47 of 2nd period - Shot Blocked by Chris Tanev.
1:15 of 2nd period - Shot by Tucker Poolman.
1:15 of 2nd period - Goal by Tucker Poolman - Avalanche : 0 - Ducks : 1.
1:16 of 2nd period - Nicolas Roy wins face-off versus Jacob de La Rose in neutral zone.
1:35 of 2nd period - Icing by Henri Jokiharju.
1:36 of 2nd period - Nicolas Roy wins face-off versus Nick Ritchie in Avalanche zone.
1:36 of 2nd period - Nicolas Roy is hit by Nick Ritchie.
2:43 of 2nd period - Marcus Johansson is hit by Nicolas Roy and loses puck.
2:53 of 2nd period - Icing by Tucker Poolman.
2:54 of 2nd period - Kyle Turris wins face-off versus Casey Cizikas in Ducks zone.
2:54 of 2nd period - Kyle Turris is hit by Casey Cizikas.
3:11 of 2nd period - Marcus Johansson is hit by Noah Juulsen and loses puck.
4:08 of 2nd period - Chris Tanev is hit by Anders Lee and loses puck.
4:17 of 2nd period - Shot by Artem Anisimov.
4:17 of 2nd period - Shot Blocked by Adam Fox.
4:19 of 2nd period - Shot by Brandon Sutter.
4:19 of 2nd period - Stopped by Frederik Andersen with a rebound.
4:21 of 2nd period - Shot by Brandon Sutter.
4:21 of 2nd period - Shot Misses the Net.
4:23 of 2nd period - Shot by Brandon Sutter.
4:23 of 2nd period - Shot Misses the Net.
4:33 of 2nd period - Shot by Brandon Sutter.
4:33 of 2nd period - Shot Blocked by Adam Fox.
5:43 of 2nd period - Shot by Andrew Mangiapane.
5:43 of 2nd period - Stopped by Cam Talbot without a rebound.
5:44 of 2nd period - Nick Ritchie wins face-off versus Casey Cizikas in Ducks zone.
5:55 of 2nd period - Shot by Tyler Ennis.
5:55 of 2nd period - Shot Blocked by Jake McCabe.
5:57 of 2nd period - Shot by Tyler Ennis.
5:57 of 2nd period - Stopped by Frederik Andersen without a rebound.
5:58 of 2nd period - Nicolas Roy wins face-off versus Tyler Ennis in Avalanche zone.
6:20 of 2nd period - Off-side.
6:21 of 2nd period - Kyle Turris wins face-off versus Casey Cizikas in neutral zone.
6:27 of 2nd period - Icing by Casey Cizikas.
6:28 of 2nd period - Casey Cizikas wins face-off versus Brandon Sutter in Avalanche zone.
6:49 of 2nd period - Shot by Brandon Sutter.
6:49 of 2nd period - Shot Misses the Net.
6:51 of 2nd period - Shot by Brandon Sutter.
6:51 of 2nd period - Stopped by Frederik Andersen without a rebound.
6:52 of 2nd period - Brad Richardson wins face-off versus Kyle Turris in Avalanche zone.
7:06 of 2nd period - Icing by Josh Manson.
7:07 of 2nd period - Robby Fabbri wins face-off versus Kyle Turris in Ducks zone.
7:16 of 2nd period - Tomas Nosek is hit by Robby Fabbri and loses puck.
7:59 of 2nd period - Icing by Brandon Sutter.
8:00 of 2nd period - Brad Richardson wins face-off versus Brandon Sutter in Ducks zone.
8:28 of 2nd period - Shot by Andrew Mangiapane.
8:28 of 2nd period - Shot Misses the Net.
8:30 of 2nd period - Shot by Shayne Gostisbehere.
8:30 of 2nd period - Goal by Shayne Gostisbehere - Avalanche : 1 - Ducks : 1.
8:31 of 2nd period - Luke Kunin wins face-off versus Casey Cizikas in neutral zone.
8:40 of 2nd period - Shot by Tyler Ennis.
8:40 of 2nd period - Shot Blocked by Noah Juulsen.
9:02 of 2nd period - Noah Juulsen is hit by Tyler Ennis and loses puck.
9:23 of 2nd period - Icing by Casey Cizikas.
9:24 of 2nd period - Casey Cizikas wins face-off versus Tomas Nosek in Avalanche zone.
10:05 of 2nd period - Shot by Andrew Mangiapane.
10:05 of 2nd period - Shot Misses the Net.
10:07 of 2nd period - Shot by Chris Tanev.
10:07 of 2nd period - Shot Misses the Net.
10:31 of 2nd period - Off-side.
10:32 of 2nd period - Nicolas Roy wins face-off versus Craig Smith in neutral zone.
11:03 of 2nd period - Shot by Jacob de La Rose.
11:03 of 2nd period - Shot Misses the Net.
11:05 of 2nd period - Shot by Craig Smith.
11:05 of 2nd period - Shot Blocked by Jake McCabe.
11:07 of 2nd period - Shot by Josh Manson.
11:07 of 2nd period - Stopped by Frederik Andersen with a rebound.
11:19 of 2nd period - Shot by Artem Anisimov.
11:19 of 2nd period - Shot Blocked by Jake McCabe.
11:21 of 2nd period - Shot by Brandon Sutter.
11:21 of 2nd period - Goal by Brandon Sutter - Avalanche : 1 - Ducks : 2.
11:22 of 2nd period - Casey Cizikas wins face-off versus Brandon Sutter in neutral zone.
11:28 of 2nd period - Miles Wood is hit by Luke Schenn and loses puck.
11:36 of 2nd period - Icing by Luke Schenn.
11:37 of 2nd period - Dylan Strome wins face-off versus Brandon Sutter in Ducks zone.
11:37 of 2nd period - Dylan Strome is hit by Luke Schenn.
11:41 of 2nd period - Shot by Ryan Strome.
11:41 of 2nd period - Shot Misses the Net.
11:48 of 2nd period - Icing by Derek Forbort.
11:49 of 2nd period - Brandon Sutter wins face-off versus Casey Cizikas in Ducks zone.
12:07 of 2nd period - Icing by Chris Tanev.
12:08 of 2nd period - Casey Cizikas wins face-off versus Tomas Nosek in Avalanche zone.
12:08 of 2nd period - Casey Cizikas is hit by Tomas Nosek.
12:27 of 2nd period - Off-side.
12:28 of 2nd period - Dylan Strome wins face-off versus Nick Ritchie in neutral zone.
12:32 of 2nd period - Ryan Strome is hit by Josh Manson and loses puck.
12:41 of 2nd period - Shot by Dylan Strome.
12:41 of 2nd period - Shot Misses the Net.
12:43 of 2nd period - Shot by Ryan Strome.
12:43 of 2nd period - Shot Misses the Net.
12:45 of 2nd period - Shot by Jake McCabe.
12:45 of 2nd period - Shot Misses the Net.
12:55 of 2nd period - Shot by Josh Manson.
12:55 of 2nd period - Shot Misses the Net.
12:58 of 2nd period - Icing by Shayne Gostisbehere.
12:59 of 2nd period - Kyle Turris wins face-off versus Dylan Strome in Avalanche zone.
13:00 of 2nd period - Shot by Marcus Johansson.
13:00 of 2nd period - Shot Misses the Net.
13:14 of 2nd period - Shot by Kyle Turris.
13:14 of 2nd period - Stopped by Frederik Andersen without a rebound.
13:15 of 2nd period - Ryan Dzingel wins face-off versus Brandon Sutter in Avalanche zone.
13:22 of 2nd period - Shot by Brandon Sutter.
13:22 of 2nd period - Shot Hit the Post.
13:24 of 2nd period - Shot by Brandon Sutter.
13:24 of 2nd period - Stopped by Frederik Andersen without a rebound.
13:25 of 2nd period - Kyle Turris wins face-off versus Casey Cizikas in Avalanche zone.
13:26 of 2nd period - Shot by Calvin de Haan.
13:26 of 2nd period - Stopped by Frederik Andersen with a rebound.
13:48 of 2nd period - Shot by Casey Cizikas.
13:48 of 2nd period - Shot Misses the Net.
13:50 of 2nd period - Shot by Casey Cizikas.
13:50 of 2nd period - Shot Misses the Net.
13:52 of 2nd period - Shot by Chris Tanev.
13:52 of 2nd period - Stopped by Cam Talbot without a rebound.
13:53 of 2nd period - Brandon Sutter wins face-off versus Brad Richardson in Ducks zone.
14:17 of 2nd period - Brad Richardson is hit by Josh Manson and loses puck.
14:24 of 2nd period - Shot by Artem Anisimov.
14:24 of 2nd period - Shot Misses the Net.
14:28 of 2nd period - Shot by Brandon Sutter.
14:28 of 2nd period - Stopped by Frederik Andersen with a rebound.
14:30 of 2nd period - Shot by T.J. Brodie.
14:30 of 2nd period - Shot Misses the Net.
14:32 of 2nd period - Shot by Josh Manson.
14:32 of 2nd period - Shot Misses the Net.
14:42 of 2nd period - Shot by Craig Smith.
14:42 of 2nd period - Stopped by Frederik Andersen without a rebound.
14:43 of 2nd period - Kyle Turris wins face-off versus Robby Fabbri in Avalanche zone.
14:55 of 2nd period - Chris Tanev is hit by Calvin de Haan and loses puck.
15:04 of 2nd period - Shot by Kyle Turris.
15:04 of 2nd period - Shot Misses the Net.
15:06 of 2nd period - Shot by Tucker Poolman.
15:06 of 2nd period - Shot Blocked by Dylan Strome.
15:14 of 2nd period - Shot by Kyle Turris.
15:14 of 2nd period - Stopped by Frederik Andersen with a rebound.
15:27 of 2nd period - Icing by Chris Tanev.
15:28 of 2nd period - Dylan Strome wins face-off versus Nick Ritchie in Avalanche zone.
15:28 of 2nd period - Dylan Strome is hit by Nick Ritchie.
16:03 of 2nd period - Shot by Casey Cizikas.
16:03 of 2nd period - Deflect By Miles Wood.
16:03 of 2nd period - Shot Misses the Net.
16:28 of 2nd period - Andrew Mangiapane is hit by Luke Schenn.
17:04 of 2nd period - Shot by Brandon Sutter.
17:04 of 2nd period - Stopped by Frederik Andersen without a rebound.
17:05 of 2nd period - Kyle Turris wins face-off versus Nicolas Roy in Avalanche zone.
18:18 of 2nd period - Shot by Artem Anisimov.
18:18 of 2nd period - Shot Misses the Net.
18:43 of 2nd period - Ryan Strome is hit by Jacob de La Rose and loses puck.
19:30 of 2nd period - Shot by Miles Wood.
19:30 of 2nd period - Stopped by Cam Talbot without a rebound.
19:31 of 2nd period - Luke Kunin wins face-off versus Brad Richardson in Ducks zone.
19:35 of 2nd period - Off-side.
19:36 of 2nd period - Brandon Sutter wins face-off versus Casey Cizikas in neutral zone.
19:39 of 2nd period - Jake McCabe is hit by Anders Lee and loses puck.
19:44 of 2nd period - Shot by Anders Lee.
19:44 of 2nd period - Shot Misses the Net.
19:46 of 2nd period - Shot by Brandon Sutter.
19:46 of 2nd period - Stopped by Frederik Andersen with a rebound.
19:48 of 2nd period - Shot by T.J. Brodie.
19:48 of 2nd period - Goal by T.J. Brodie - Avalanche : 1 - Ducks : 3.
19:49 of 2nd period - Nick Ritchie wins face-off versus Brad Richardson in neutral zone.
Goals for this period are 1 for Avalanche vs 3 for Ducks.
Shots for this period are 4 for Avalanche vs 15 for Ducks.

3rd period


0:01 of 3rd period - Casey Cizikas wins face-off versus Kyle Turris in neutral zone.
0:34 of 3rd period - Shot by Kyle Turris.
0:34 of 3rd period - Shot Misses the Net.
0:37 of 3rd period - Icing by Casey Cizikas.
0:38 of 3rd period - Casey Cizikas wins face-off versus Brandon Sutter in Avalanche zone.
0:38 of 3rd period - Dominik Kubalik is hit by Artem Anisimov and loses puck.
0:56 of 3rd period - Off-side.
0:57 of 3rd period - Brad Richardson wins face-off versus Jacob de La Rose in neutral zone.
1:08 of 3rd period - Shot by Andrew Mangiapane.
1:08 of 3rd period - Deflect By Ryan Dzingel.
1:08 of 3rd period - Shot Misses the Net.
1:10 of 3rd period - Shot by Adam Fox.
1:10 of 3rd period - Shot Blocked by Tucker Poolman.
1:12 of 3rd period - Shot by Adam Fox.
1:12 of 3rd period - Stopped by Cam Talbot with a rebound.
1:14 of 3rd period - Shot by Ryan Dzingel.
1:14 of 3rd period - Shot Blocked by Calvin de Haan.
1:28 of 3rd period - Shot by Ryan Dzingel.
1:28 of 3rd period - Stopped by Cam Talbot without a rebound.
1:29 of 3rd period - Dylan Strome wins face-off versus Kyle Turris in Ducks zone.
2:00 of 3rd period - Shot by Tomas Nosek.
2:00 of 3rd period - Stopped by Frederik Andersen without a rebound.
2:01 of 3rd period - Casey Cizikas wins face-off versus Brandon Sutter in Avalanche zone.
2:08 of 3rd period - Shot by Dominik Kubalik.
2:08 of 3rd period - Shot Blocked by Luke Schenn.
2:10 of 3rd period - Shot by Casey Cizikas.
2:10 of 3rd period - Shot Blocked by Derek Forbort.
2:12 of 3rd period - Shot by Casey Cizikas.
2:12 of 3rd period - Stopped by Cam Talbot without a rebound.
2:13 of 3rd period - Brad Richardson wins face-off versus Luke Kunin in Ducks zone.
2:33 of 3rd period - Icing by Brad Richardson.
2:34 of 3rd period - Kyle Turris wins face-off versus Brad Richardson in Avalanche zone.
3:36 of 3rd period - Shot by Artem Anisimov.
3:36 of 3rd period - Shot Misses the Net.
3:38 of 3rd period - Shot by Brandon Sutter.
3:38 of 3rd period - Shot Misses the Net.
3:40 of 3rd period - Shot by Brandon Sutter.
3:40 of 3rd period - Stopped by Frederik Andersen with a rebound.
3:42 of 3rd period - Shot by Brandon Sutter.
3:42 of 3rd period - Shot Misses the Net.
3:48 of 3rd period - Shot by Anders Lee.
3:48 of 3rd period - Stopped by Frederik Andersen without a rebound.
3:49 of 3rd period - Dylan Strome wins face-off versus Nick Ritchie in Avalanche zone.
4:26 of 3rd period - Tyler Ennis is hit by Jake McCabe.
6:25 of 3rd period - Shot by Craig Smith.
6:25 of 3rd period - Deflect By Brett Connolly.
6:25 of 3rd period - Stopped by Frederik Andersen without a rebound.
6:26 of 3rd period - Jacob de La Rose wins face-off versus Casey Cizikas in Avalanche zone.
6:35 of 3rd period - Shot by Brett Connolly.
6:35 of 3rd period - Shot Blocked by Casey Cizikas.
6:46 of 3rd period - Shot by Jacob de La Rose.
6:46 of 3rd period - Shot Blocked by Shayne Gostisbehere.
7:22 of 3rd period - Shot by Luke Kunin.
7:22 of 3rd period - Shot Misses the Net.
7:27 of 3rd period - Tyler Ennis is hit by Noah Juulsen and loses puck.
7:43 of 3rd period - Artem Anisimov is hit by Noah Juulsen and loses puck.
7:58 of 3rd period - Shot by Brandon Sutter.
7:58 of 3rd period - Shot Blocked by Miles Wood.
8:00 of 3rd period - Shot by Brandon Sutter.
8:00 of 3rd period - Shot Misses the Net.
8:16 of 3rd period - Icing by Shayne Gostisbehere.
8:17 of 3rd period - Casey Cizikas wins face-off versus Kyle Turris in Avalanche zone.
8:24 of 3rd period - Tomas Nosek is hit by Casey Cizikas and loses puck.
8:49 of 3rd period - Shot by T.J. Brodie.
8:49 of 3rd period - Shot Blocked by Noah Juulsen.
9:37 of 3rd period - Shot by Robby Fabbri.
9:37 of 3rd period - Shot Blocked by Craig Smith.
10:24 of 3rd period - Shot by Brandon Sutter.
10:24 of 3rd period - Stopped by Frederik Andersen without a rebound.
10:25 of 3rd period - Kyle Turris wins face-off versus Brad Richardson in Avalanche zone.
10:28 of 3rd period - Shot by Kyle Turris.
10:28 of 3rd period - Stopped by Frederik Andersen with a rebound.
11:00 of 3rd period - Icing by T.J. Brodie.
11:01 of 3rd period - Kyle Turris wins face-off versus Nicolas Roy in Ducks zone.
11:33 of 3rd period - Icing by Brandon Sutter.
11:34 of 3rd period - Dylan Strome wins face-off versus Brandon Sutter in Ducks zone.
11:35 of 3rd period - Shot by Robby Fabbri.
11:35 of 3rd period - Stopped by Cam Talbot with a rebound.
11:41 of 3rd period - Shot by Anders Lee.
11:41 of 3rd period - Stopped by Frederik Andersen with a rebound.
11:50 of 3rd period - Icing by Henri Jokiharju.
11:51 of 3rd period - Dylan Strome wins face-off versus Nick Ritchie in Avalanche zone.
11:58 of 3rd period - Shot by Tyler Ennis.
11:58 of 3rd period - Stopped by Frederik Andersen without a rebound.
11:59 of 3rd period - Tomas Nosek wins face-off versus Brad Richardson in Avalanche zone.
11:59 of 3rd period - Tomas Nosek is hit by Chris Tanev.
12:09 of 3rd period - Shot by Andrew Mangiapane.
12:09 of 3rd period - Goal by Andrew Mangiapane - Avalanche : 2 - Ducks : 3.
12:10 of 3rd period - Dylan Strome wins face-off versus Brandon Sutter in neutral zone.
12:10 of 3rd period - Robby Fabbri is hit by Calvin de Haan and loses puck.
12:21 of 3rd period - Shot by Artem Anisimov.
12:21 of 3rd period - Deflect By Brandon Sutter.
12:21 of 3rd period - Shot Misses the Net.
12:23 of 3rd period - Shot by Tucker Poolman.
12:23 of 3rd period - Shot Blocked by Chris Tanev.
13:03 of 3rd period - Shot by Marcus Johansson.
13:03 of 3rd period - Stopped by Frederik Andersen with a rebound.
13:21 of 3rd period - Shot by Micheal Ferland.
13:21 of 3rd period - Stopped by Cam Talbot without a rebound.
13:22 of 3rd period - Brad Richardson wins face-off versus Nick Ritchie in Ducks zone.
13:46 of 3rd period - Icing by Noah Juulsen.
13:47 of 3rd period - Brad Richardson wins face-off versus Brett Connolly in Avalanche zone.
14:51 of 3rd period - Off-side.
14:52 of 3rd period - Dylan Strome wins face-off versus Kyle Turris in neutral zone.
15:05 of 3rd period - Shot by Dylan Strome.
15:05 of 3rd period - Shot Misses the Net.
15:07 of 3rd period - Shot by Dylan Strome.
15:07 of 3rd period - Shot Blocked by Derek Forbort.
15:09 of 3rd period - Shot by Ryan Strome.
15:09 of 3rd period - Shot Misses the Net.
15:11 of 3rd period - Shot by Adam Fox.
15:11 of 3rd period - Stopped by Cam Talbot without a rebound.
15:12 of 3rd period - Brandon Sutter wins face-off versus Nicolas Roy in Ducks zone.
15:12 of 3rd period - Derek Forbort is hit by Micheal Ferland and loses puck.
15:34 of 3rd period - Shot by Nicolas Roy.
15:34 of 3rd period - Stopped by Cam Talbot without a rebound.
15:35 of 3rd period - Dylan Strome wins face-off versus Kyle Turris in Ducks zone.
15:42 of 3rd period - Shot by Robby Fabbri.
15:42 of 3rd period - Stopped by Cam Talbot with a rebound.
15:44 of 3rd period - Shot by Ryan Strome.
15:44 of 3rd period - Stopped by Cam Talbot without a rebound.
15:45 of 3rd period - Nick Ritchie wins face-off versus Casey Cizikas in Ducks zone.
15:45 of 3rd period - Nick Ritchie is hit by Casey Cizikas.
15:50 of 3rd period - Icing by Luke Kunin.
15:51 of 3rd period - Nick Ritchie wins face-off versus Dylan Strome in Ducks zone.
16:07 of 3rd period - Shot by Robby Fabbri.
16:07 of 3rd period - Stopped by Cam Talbot without a rebound.
16:08 of 3rd period - Dominik Kubalik wins face-off versus Kyle Turris in Ducks zone.
16:25 of 3rd period - Shot by Casey Cizikas.
16:25 of 3rd period - Goal by Casey Cizikas - Avalanche : 3 - Ducks : 3.
16:26 of 3rd period - Brandon Sutter wins face-off versus Dylan Strome in neutral zone.
16:35 of 3rd period - Shot by Artem Anisimov.
16:35 of 3rd period - Stopped by Frederik Andersen without a rebound.
16:36 of 3rd period - Casey Cizikas wins face-off versus Kyle Turris in Avalanche zone.
18:10 of 3rd period - Jake McCabe is hit by Artem Anisimov and loses puck.
18:35 of 3rd period - Tyler Ennis is hit by Ryan Strome and loses puck.
19:05 of 3rd period - Chris Tanev is hit by Nick Ritchie and loses puck.
Goals for this period are 2 for Avalanche vs 0 for Ducks.
Shots for this period are 12 for Avalanche vs 10 for Ducks.

Overtime #1


0:01 of 1st overtime period - Casey Cizikas wins face-off versus Luke Kunin in neutral zone.
1:03 of 1st overtime period - Shot by Tomas Nosek.
1:03 of 1st overtime period - Stopped by Frederik Andersen with a rebound.
1:25 of 1st overtime period - Shot by Jake McCabe.
1:25 of 1st overtime period - Stopped by Cam Talbot with a rebound.
1:58 of 1st overtime period - Shot by Anders Lee.
1:58 of 1st overtime period - Stopped by Frederik Andersen without a rebound.
1:59 of 1st overtime period - Jacob de La Rose wins face-off versus Casey Cizikas in Avalanche zone.
2:08 of 1st overtime period - Shot by Brett Connolly.
2:08 of 1st overtime period - Shot Blocked by Shayne Gostisbehere.
2:39 of 1st overtime period - Icing by Shayne Gostisbehere.
2:40 of 1st overtime period - Luke Kunin wins face-off versus Casey Cizikas in Avalanche zone.
3:01 of 1st overtime period - Shot by Luke Kunin.
3:01 of 1st overtime period - Shot Misses the Net.
3:51 of 1st overtime period - Icing by Tomas Nosek.
3:52 of 1st overtime period - Robby Fabbri wins face-off versus Tomas Nosek in Ducks zone.
3:59 of 1st overtime period - Shot by Robby Fabbri.
3:59 of 1st overtime period - Stopped by Cam Talbot with a rebound.
4:41 of 1st overtime period - Icing by Luke Schenn.
4:42 of 1st overtime period - Brad Richardson wins face-off versus Jacob de La Rose in Ducks zone.
4:54 of 1st overtime period - Off-side.
4:55 of 1st overtime period - Luke Kunin wins face-off versus Ryan Strome in neutral zone.
Goals for this period are 0 for Avalanche vs 0 for Ducks.
Shots for this period are 2 for Avalanche vs 2 for Ducks.

ShootOut


5:00 of 1st overtime period - Round #1.
5:00 of 1st overtime period - Avalanche, Ryan Strome.
5:00 of 1st overtime period - Stopped by Cam Talbot.
5:00 of 1st overtime period - Ducks, Tomas Nosek.
5:00 of 1st overtime period - Stopped by Frederik Andersen.
5:00 of 1st overtime period - Round #2.
5:00 of 1st overtime period - Avalanche, Casey Cizikas.
5:00 of 1st overtime period - Goal by Casey Cizikas.
5:00 of 1st overtime period - Ducks, Luke Kunin.
5:00 of 1st overtime period - Goal by Luke Kunin.
5:00 of 1st overtime period - Round #3.
5:00 of 1st overtime period - Avalanche, Dylan Strome.
5:00 of 1st overtime period - Shot Misses the Net.
5:00 of 1st overtime period - Ducks, Anders Lee.
5:00 of 1st overtime period - Stopped by Frederik Andersen.
5:00 of 1st overtime period - Round #4.
5:00 of 1st overtime period - Avalanche, Brad Richardson.
5:00 of 1st overtime period - Goal by Brad Richardson.
5:00 of 1st overtime period - Ducks, Marcus Johansson.
5:00 of 1st overtime period - Shot Misses the Net.